 Dungeon Crawl Stone Soup version 0.21-a0-404-g291f19a (webtiles) character file.

194287 alkexr the Fencer (level 17, -12/140 HPs)
             Began as a Minotaur Fighter on Oct 31, 2017.
             Was the Champion of Okawaru.
             Killed from afar by a merfolk aquamancer (23 damage)
             ... with a shard of ice
             ... on level 2 of the Shoals on Nov 5, 2017.
             The game lasted 03:19:26 (34781 turns).

alkexr the Fencer (Minotaur Fighter)               Turns: 34781, Time: 03:19:27

Health: -12/140    AC: 32    Str: 32    XL:     17   Next: 67%
Magic:  24/24      EV: 12    Int:  6    God:    Okawaru [******]
Gold:   1902       SH: 29    Dex: 14    Spells: 14/16 levels left

rFire    + + +     SeeInvis +   w - +5 demon blade (elec)
rCold    + + .     Gourm    .   c - +5 large shield {rPois}
rNeg     + . .     Faith    .   y - +4 gold dragon scales
rPois    +         Spirit   .   L - +0 hat
rElec    .         Reflect  +   P - scarf {rC+ rF+}
rCorr    .         Harm     .   N - +2 pair of gloves "Pytubixai" {Str+7}
MR       +....                  t - +2 pair of boots
Stlth    ..........             j - +3 amulet of reflection
HPRegen  0.33/turn              l - +3 ring of evasion
MPRegen  0.19/turn              X - ring of positive energy

@: very slightly contaminated, invisible
A: retaliatory headbutt, horns 2, see invisible, fire resistance 1, strong 1, no
potion heal 1
}: 1/15 runes: gossamer
a: Heroism, Finesse, Renounce Religion


You were on level 2 of the Shoals.
You worshipped Okawaru.
Okawaru was exalted by your worship.
You were not hungry.

You visited 6 branches of the dungeon, and saw 30 of its levels.
You also visited: Sewer and Volcano.

You collected 3024 gold pieces.
You spent 1122 gold pieces at shops.

Inventory:

Hand Weapons
 e - the +9 falchion of Reinforcement {speed, rElec rF+ rN+ MR++}
   (You took it off an entropy weaver on level 3 of the Spider Nest)

   Attacks with this weapon are significantly faster.
   It protects you from fire.
   It insulates you from electricity.
   It protects you from negative energy.
   It affects your resistance to hostile enchantments.
 w - a +5 demon blade of electrocution (weapon)
Missiles
 G - 8 poisoned javelins
 H - 24 tomahawks (quivered)
 I - 4 tomahawks of dispersal
 U - 14 exploding tomahawks
 Z - 5 javelins
Armour
 c - a +5 large shield of poison resistance (worn)
 t - a +2 pair of boots (worn)
 y - +4 gold dragon scales (worn)
 L - a +0 hat (worn)
 N - the +2 pair of gloves "Pytubixai" (worn) {Str+7}
   (Okawaru gifted it to you on level 9 of the Dungeon)

   It affects your strength (+7).
 P - a scarf of resistance (worn)
 W - a scarf of cloud immunity
Jewellery
 j - a +3 amulet of reflection (around neck)
 l - a +3 ring of evasion (left hand)
 n - an uncursed ring of resist corrosion
 X - a ring of positive energy (right hand)
Wands
 b - a wand of clouds (5/9)
 q - a wand of acid (6/15)
 u - a wand of digging (10/24)
 D - a wand of acid (5/15)
 E - a wand of iceblast (6/15)
 J - a wand of paralysis (18/24)
 M - a wand of clouds (2/9)
 R - a wand of lightning (0/15)
 T - a wand of flame (5/48)
Scrolls
 h - 10 scrolls of teleportation
 i - 5 scrolls of identify
 s - 6 scrolls of recharging
 z - 3 scrolls of fear
 A - 7 scrolls of remove curse
 B - 2 scrolls of fog
 Y - 6 scrolls of magic mapping
Potions
 a - 2 potions of agility
 d - 5 potions of might
 k - 2 potions of cancellation
 p - a potion of flight
 r - 4 potions of curing
 F - 4 potions of haste
 O - 7 potions of lignification
 S - 3 potions of invisibility
Miscellaneous
 C - a box of beasts
 K - a lightning rod (4/4)
 Q - a lamp of fire
 V - a fan of gales
Comestibles
 f - 9 bread rations
 g - 38 fruits
 m - 18 meat rations
 x - 6 royal jellies


   Skills:
 + Level 10.1 Fighting
 * Level 18.8 Long Blades
 - Level 11.0 Throwing
 * Level 16.9 Armour
 - Level 8.1 Dodging
 + Level 13.6 Shields
 + Level 9.1 Invocations
 + Level 11.5 Evocations


You had 14 spell levels left.
You knew the following spells:

 Your Spells              Type           Power        Failure   Level  Hunger
u - Blink                 Tloc           N/A          100%        2    ###....


Dungeon Overview and Level Annotations

Branches:
Dungeon (15/15)            Temple (1/1) D:4            Lair (6/6) D:10
 Shoals (2/4) Lair:2       Spider (4/4) Lair:2        Slime (0/5) Lair:6
    Orc (2/2) D:12            Elf (0/3) Orc:2        Vaults (0/5) D:13
 Depths (0/5) D:15

Altars:
Dithmenos
Elyvilon
Gozag
Kikubaaqudgha
Makhleb
Okawaru
Qazlal
Ru
Sif Muna
Trog
Uskayaw
Vehumet
Xom
Yredelemnul
Zin
The Shining One
Beogh

Shops:
D:7 :![:(   D:12 [   Orc:1 %   Orc:2 (}}?}

Annotations:
D:11 exclusion: ice statue
Lair:6 exclusion: oklob plant


Innate Abilities, Weirdness & Mutations

You reflexively headbutt those who attack you in melee.
You have a pair of horns on your head.
You have supernaturally acute eyesight. (SInv)
Your flesh is heat resistant. (rF+)
Your muscles are strong. (Str +2)
Potions are less effective at restoring your health.


Message History

Press: ? - help, Dir - move target cursor, f - you
Okay, then.
Blink to where?
Press: ? - help, Dir - move target cursor Splash!
As you read the scroll of blinking, it crumbles to dust.
The barbed spikes dig painfully into your body as you move.
* * * LOW HITPOINT WARNING * * *
You fade into invisibility!
You carefully extract the barbed spikes from your body.
Splash!
You fall into the shallow water.
Moving in this stuff is going to be slow. ...and don't expect to remain undetected.
As you read the scroll of fear, it crumbles to dust.
You assume a fearsome visage.
The water elemental is unaffected.
The hippogriff looks frightened!
The merfolk aquamancer points at you and mumbles some strange words.
The shard of ice hits you! You partially resist.
You die...

≈≈≈E≈≈≈≈≈≈...≈≈≈≈≈≈≈.≈.....###..#
≈≈≈#≈≈>≈≈≈≈≈≈≈≈≈≈≈.........###..#
≈≈≈≈≈≈≈≈≈≈.≈≈≈≈≈≈.###.....###...#
≈≈#≈≈≈≈§≈≈..≈≈≈≈..# ##.....##....
≈≈≈≈≈≈≈≈≈E≈≈≈≈≈≈..#####....#.....
#≈≈≈≈≈≈≈≈≈≈≈≈m≈≈.###..#####..##..
≈≈≈≈≈≈≈≈≈≈≈≈≈≈≈≈.# ##.# ##.###.
≈≈≈≈≈≈≈≈≈≈≈≈≈≈H≈E# ##.## ##.###.
≈≈≈≈≈≈≈≈≈≈≈≈≈≈≈≈@###...####......
≈≈≈≈≈≈≈≈≈≈≈≈≈≈≈≈≈...≈≈≈.##....##.
≈≈≈≈≈≈≈≈≈≈≈≈≈≈≈≈≈≈≈≈≈≈≈....≈≈..#.
≈≈≈≈≈≈≈≈≈≈≈≈≈≈≈≈≈≈≈≈≈≈≈.....≈≈..≈
≈≈≈≈≈≈≈≈≈≈≈≈≈≈≈≈≈≈≈≈≈....<.≈.....
≈≈≈≈≈≈≈≈≈≈≈..≈≈≈≈≈≈≈≈.#...≈<.....
.≈≈≈≈≈≈≈≈≈.....≈≈≈≈≈≈............
.(≈≈≈≈≈≈≈≈......≈≈≈≈≈≈≈≈≈≈..#....
≈≈≈≈≈≈≈≈≈≈...........≈≈≈≈≈.##....


You could see a merfolk aquamancer, a hippogriff (fleeing) and 2 water
elementals.

Vanquished Creatures
  Donald (Spider:4)
  6 ghost moths
  8 emperor scorpions
  The ghost of dainius the Warrior, a journeyman MiBe of Trog (Lair:6)
  5 entropy weavers
  3 spark wasps (Spider:4)
  Snorg (D:10)
  Josephine (D:13)
  Fannar (D:11)
  A vault guard (D:13)
  8 hydras
  A death knight (D:14)
  The ghost of zodiak12 the Geomancer, a novice DrEE of Sif Muna (D:9)
  8 two-headed ogres
  2 centaur warriors
  A merfolk avatar (Lair:6)
  2 merfolk aquamancers (Shoals:2)
  A hell knight (Volcano)
  Sonja (D:11)
  Urug (D:11)
  4 orc high priests (Orc:2)
  A skeletal warrior (D:14)
  An unseen horror (D:10)
  4 sea snakes
  5 wizards
  A phantasmal warrior (D:14)
  2 harpies (Lair:6)
  2 cyclopes (D:11)
  32 orb spiders
  3 orc sorcerers
  14 ugly things
  A necromancer (D:15)
  47 wolf spiders
  2 moths of wrath
  6 manticores
  2 oklob plants (Spider:2)
  Maurice (D:13)
  3 black mambas
  A merfolk siren (Shoals:2)
  2 water nymphs
  A smoke demon (Volcano)
  10 elephants
  A gargoyle (D:13)
  2 molten gargoyles (Volcano)
  2 torpor snails (Spider:4)
  14 spiny frogs
  2 freezing wraiths (D:14)
  6 komodo dragons
  12 rime drakes
  An efreet (D:11)
  17 demonic crawlers
  A red devil (Volcano)
  5 merfolk
  The ghost of dricusgp the Thaumaturge, a novice DECj of Vehumet (D:6)
  6 trolls
  5 polar bears
  A meliai (D:12)
  46 jumping spiders
  7 hornets
  A harpy skeleton (D:15)
  13 hippogriffs
  5 snapping turtles (Shoals:1)
  3 blink frogs (Lair:2)
  23 dream sheep
  20 tarantellas
  65 redbacks
  2 shadows
  A vampire (D:11)
  2 water elementals
  8 wraiths
  9 wyverns
  9 basilisks
  35 yaks
  A hungry ghost (D:8)
  2 fire bats (Volcano)
  4 hell hounds
  14 water moccasins
  8 porcupines
  3 sky beasts
  4 ice beasts
  15 orc warriors
  2 black bears
  3 necrophages
  5 phantoms
  6 wolves (Lair:6)
  17 centaurs
  11 ogres
  11 big kobolds
  14 crocodiles
  22 bullfrogs
  A gnoll sergeant (D:9)
  A wyvern zombie (D:13)
  2 wyvern skeletons
  2 scorpions
  4 killer bees (D:11)
  16 wights
  A howler monkey (D:6)
  An electric eel (Spider:1)
  4 lava snakes (Volcano)
  7 crimson imps
  A quasit (D:8)
  7 jellies
  2 bullfrog zombies
  7 centaur zombies
  25 orc priests
  2 hounds
  Crazy Yiuf (D:5)
  3 bullfrog skeletons
  31 orc wizards
  3 centaur skeletons
  5 iguanas
  10 worker ants
  12 gnolls
  21 adders
  3 river rats (Sewer)
  2 shadow imps
  An ooze (D:4)
  An adder zombie (D:6)
  4 worms
  3 dart slugs
  12 leopard geckos
  72 orcs
  8 bats
  9 giant cockroaches
  14 goblins
  8 hobgoblins
  29 kobolds
  A quokka (D:6)
  4 ball pythons
  4 frilled lizards
  15 rats
  A fungus (Lair:6)
  4 plants
1030 creatures vanquished.

Vanquished Creatures (collateral kills)
  Arachne (Spider:4)
  A redback (Spider:4)
2 creatures vanquished.

Vanquished Creatures (others)
  A centaur warrior (D:13)
  2 cyclopes
  2 jumping spiders (Spider:2)
  A hornet (Spider:2)
  4 dream sheep (Lair:1)
  3 redbacks (Spider:1)
  A tarantella (Spider:1)
  2 centaurs
  An orc (D:7)
  10 fungi
  29 plants
56 creatures vanquished.

Grand Total: 1088 creatures vanquished

Notes
Turn   | Place    | Note
-------+----------+-------------------------------------------
     0 | D:1      | alkexr the Minotaur Fighter began the quest for the Orb.
     0 | D:1      | Reached XP level 1. HP: 19/19 MP: 0/0
   102 | D:1      | Reached skill level 3 in Long Blades
   118 | D:1      | Reached XP level 2. HP: 26/26 MP: 1/1
   545 | D:1      | Reached XP level 3. HP: 31/31 MP: 2/2
   744 | D:2      | Reached skill level 4 in Long Blades
  1165 | D:2      | Reached XP level 4. HP: 39/39 MP: 3/3
  1399 | D:2      | Found a hide-covered altar of Uskayaw.
  1512 | D:3      | Reached skill level 5 in Long Blades
  1773 | D:3      | Reached XP level 5. HP: 44/45 MP: 4/4
  1779 | D:3      | Reached skill level 5 in Shields
  1863 | D:3      | Noticed an ogre
  1870 | D:3      | Killed an ogre
  1870 | D:3      | Reached skill level 6 in Long Blades
  1927 | D:3      | Reached XP level 6. HP: 48/51 MP: 5/5
  2694 | D:2      | Reached skill level 7 in Long Blades
  2861 | D:2      | Reached XP level 7. HP: 34/57 MP: 6/6
  3143 | D:4      | Reached skill level 8 in Long Blades
  3344 | D:4      | Found a sacrificial altar of Ru.
  3528 | D:4      | Found a staircase to the Ecumenical Temple.
  3536 | Temple   | Entered the Ecumenical Temple
  3547 | Temple   | Became a worshipper of Warmaster Okawaru
  3740 | D:5      | Entered Level 5 of the Dungeon
  3786 | D:5      | Gained mutation: You have sharp toenails. [mutagenic meat]
  3941 | D:5      | Found a glowing golden altar of the Shining One.
  3945 | D:5      | Reached skill level 9 in Long Blades
  3972 | D:5      | Reached skill level 1 in Invocations
  4058 | D:5      | Reached skill level 1 in Evocations
  4058 | D:5      | Reached XP level 8. HP: 64/64 MP: 7/7
  4175 | D:5      | Found a runed door.
  4179 | D:5      | Noticed Crazy Yiuf
  4183 | D:5      | Killed Crazy Yiuf
  4760 | D:6      | Found a glowing drain.
  4794 | Sewer    | Entered a sewer
  5034 | Sewer    | Lost mutation: You have sharp toenails. [potion of mutation]
  5034 | Sewer    | Gained mutation: Potions are less effective at restoring your health. [potion of mutation]
  5034 | Sewer    | Gained mutation: You have supernaturally acute eyesight. (SInv) [potion of mutation]
  5034 | Sewer    | Gained mutation: Your flesh is heat resistant. (rF+) [potion of mutation]
  5034 | Sewer    | Gained mutation: Your muscles are strong. (Str +2) [potion of mutation]
  5139 | D:6      | Found a radiant altar of Vehumet.
  5165 | D:6      | Reached skill level 10 in Long Blades
  5218 | D:6      | Reached * piety under Okawaru
  5464 | D:6      | Noticed dricusgp's ghost (novice DECj)
  5482 | D:6      | Killed dricusgp's ghost
  5482 | D:6      | Reached XP level 9. HP: 67/71 MP: 10/10
  5730 | D:6      | Found a burning altar of Makhleb.
  6098 | D:7      | Reached skill level 11 in Long Blades
  6120 | D:7      | Found Unekhlob's Book Boutique.
  6128 | D:7      | Found Ledd's Distillery.
  6138 | D:7      | Bought a potion of haste for 130 gold pieces
  6138 | D:7      | Bought a potion of haste for 130 gold pieces
  6185 | D:7      | Found Heehoer's Book Shop.
  6200 | D:7      | Reached ** piety under Okawaru
  6214 | D:7      | Found a shadowy altar of Dithmenos.
  6292 | D:7      | Reached skill level 5 in Armour
  6344 | D:7      | Found Acriupse's Armour Shoppe.
  6347 | D:7      | Reached skill level 5 in Fighting
  6351 | D:7      | Found Zamol's Weapon Boutique.
  6806 | D:8      | Noticed a two-headed ogre
  6814 | D:8      | Killed a two-headed ogre
  6814 | D:8      | Reached *** piety under Okawaru
  6814 | D:8      | Reached skill level 1 in Throwing
  6814 | D:8      | Reached XP level 10. HP: 55/82 MP: 9/12
  6942 | D:8      | Found a bloodstained altar of Trog.
  7355 | D:8      | Found an ancient bone altar of Kikubaaqudgha.
  7449 | D:9      | Reached skill level 12 in Long Blades
  7449 | D:9      | Reached skill level 5 in Invocations
  7496 | D:9      | Reached **** piety under Okawaru
  7722 | D:9      | Noticed a three-headed hydra
  7745 | D:9      | Killed a seven-headed hydra
  7745 | D:9      | Reached ***** piety under Okawaru
  7745 | D:9      | Reached skill level 5 in Evocations
  7760 | D:9      | Noticed zodiak12's ghost (novice DrEE)
  7908 | D:9      | Killed zodiak12's ghost
  7908 | D:9      | Received a gift from Okawaru
  7909 | D:9      | Got a pair of encrusted gloves {god gift}
  7910 | D:9      | Identified the +2 pair of gloves "Pytubixai" {Str+7} (Okawaru gifted it to you on level 9 of the Dungeon)
  7998 | D:9      | Reached XP level 11. HP: 67/91 MP: 14/14
  8431 | D:9      | Reached skill level 1 in Dodging
  8667 | D:10     | Entered Level 10 of the Dungeon
  8667 | D:10     | Found a staircase to the Lair.
  8691 | D:10     | Reached skill level 13 in Long Blades
  8901 | D:10     | Noticed an unseen horror
  8909 | D:10     | Killed an unseen horror
  9133 | D:10     | Learned a level 2 spell: Blink
  9215 | D:10     | Noticed Snorg
  9841 | D:10     | Killed Snorg
 10045 | D:11     | Noticed Sonja
 10235 | D:11     | Killed Sonja
 10254 | D:11     | Received a gift from Okawaru
 10572 | D:11     | Reached skill level 5 in Dodging
 10660 | D:11     | Noticed Fannar
 10714 | Lair:1   | Entered Level 1 of the Lair of Beasts
 10716 | Lair:1   | Reached skill level 5 in Throwing
 10729 | Lair:1   | Found a dark tunnel.
 10737 | Volcano  | Entered a volcano
 10910 | Volcano  | Found a burning altar of Makhleb.
 10910 | Volcano  | Noticed a red ugly thing
 10918 | Volcano  | Killed a red ugly thing
 10920 | Volcano  | Noticed a hell knight
 10927 | Volcano  | Received a gift from Okawaru
 10927 | Volcano  | Reached skill level 14 in Long Blades
 10934 | Volcano  | Killed a hell knight
 10934 | Volcano  | Reached XP level 12. HP: 67/100 MP: 9/16
 11096 | Volcano  | Identified the cursed +1 scale mail of Fallacy {*Slow rF+ rC+ MR+} (You found it in a volcano)
 11100 | Volcano  | Got a fine dagger
 11251 | Lair:1   | Identified the +0 scale mail of the Final Stories {Str+3} (You found it on level 1 of the Lair of Beasts)
 11578 | Lair:1   | Found a shimmering altar of Xom.
 12027 | Lair:2   | Found a hole to the Spider Nest.
 12027 | Lair:2   | Noticed an eight-headed hydra
 12032 | Lair:2   | Killed an eight-headed hydra
 12478 | Lair:2   | Received a gift from Okawaru
 12478 | Lair:2   | Reached ****** piety under Okawaru
 12868 | Lair:2   | Received a gift from Okawaru
 12879 | Lair:2   | Found a staircase to the Shoals.
 13732 | Lair:4   | Reached skill level 15 in Long Blades
 14219 | Lair:4   | Reached XP level 13. HP: 81/105 MP: 18/18
 15488 | Lair:5   | Received a gift from Okawaru
 15504 | Lair:5   | Identified the +2 longbow of Unyok {flame, Fragile +Blink rF- Dex+8} (Okawaru gifted it to you on level 5 of the Lair of Beasts)
 16810 | Lair:6   | Entered Level 6 of the Lair of Beasts
 16868 | Lair:6   | Noticed dainius's ghost (journeyman MiBe)
 16900 | Lair:6   | Killed dainius's ghost
 16940 | Lair:6   | Reached skill level 10 in Armour
 16960 | Lair:6   | Paralysed by a hornet for 2 turns
 17099 | Lair:6   | Received a gift from Okawaru
 17589 | Lair:6   | Reached XP level 14. HP: 118/118 MP: 19/19
 17705 | Lair:6   | Reached skill level 10 in Shields
 18620 | Lair:6   | Found a staircase to the Slime Pits.
 18891 | D:11     | Noticed Urug
 18901 | D:11     | Killed Urug
 18986 | D:11     | Killed Fannar
 19125 | D:12     | Found Qeniqo's Antique Armour Emporium.
 19135 | D:12     | Bought a runed large shield for 262 gold pieces
 19230 | D:12     | Received a gift from Okawaru
 19315 | D:12     | Noticed a frost giant
 19492 | D:12     | Found a staircase to the Orcish Mines.
 19549 | D:12     | Found a shimmering altar of Xom.
 19957 | Orc:1    | Entered Level 1 of the Orcish Mines
 19957 | Orc:1    | Found Imotai's Food Boutique.
 20084 | Orc:1    | Found a roughly hewn altar of Beogh.
 20406 | Orc:2    | Entered Level 2 of the Orcish Mines
 20439 | Orc:2    | Found a staircase to the Elven Halls.
 20802 | Orc:2    | Found Menaery's Antique Weapon Shop.
 21454 | Orc:2    | Found Enkel's Gadget Emporium.
 21454 | Orc:2    | Found Vaorusch's Magic Scroll Shoppe.
 21464 | Orc:2    | Found Nischil's Gadget Shoppe.
 21467 | Orc:2    | Paralysed by an orc sorcerer for 6 turns
 21484 | Orc:2    | Found Gamochakk's Gadget Emporium.
 21489 | Orc:2    | Bought a lightning rod (4/4) for 600 gold pieces
 21502 | Orc:2    | Reached skill level 10 in Fighting
 21983 | D:13     | Noticed Josephine
 21998 | D:13     | Killed Josephine
 22064 | D:13     | Found a gate to the Vaults.
 22171 | D:13     | Noticed Maurice
 22192 | D:13     | Killed Maurice
 22970 | D:14     | Received a gift from Okawaru
 23095 | D:14     | Reached XP level 15. HP: 119/126 MP: 21/21
 23524 | D:14     | Found a glowing silver altar of Zin.
 23655 | D:14     | Received a gift from Okawaru
 23680 | D:14     | Identified the +5 triple sword "Idexax" {antimagic, *Slow +Rage rN+ Str+2} (Okawaru gifted it to you on level 14 of the Dungeon)
 23790 | D:14     | Reached skill level 16 in Long Blades
 24316 | D:15     | Entered Level 15 of the Dungeon
 24409 | D:15     | Received a gift from Okawaru
 24610 | D:15     | Found a staircase to the Depths.
 24823 | D:15     | Reached skill level 10 in Evocations
 24980 | D:15     | Found a deep blue altar of Sif Muna.
 25628 | Spider:1 | Entered Level 1 of the Spider Nest
 26379 | Lair:2   | Reached skill level 10 in Throwing
 27235 | Spider:1 | You fall through a shaft!
 27580 | Spider:2 | Noticed a ghost moth
 27689 | Spider:2 | Received a gift from Okawaru
 27926 | Spider:2 | Reached XP level 16. HP: 82/134 MP: 22/22
 28390 | Spider:2 | Reached skill level 17 in Long Blades
 28943 | Spider:2 | Reached skill level 15 in Armour
 29173 | Spider:2 | Received a gift from Okawaru
 29178 | Spider:2 | Identified the +4 scale mail of the Ladybird {Slay+3} (Okawaru gifted it to you on level 2 of the Spider Nest)
 29573 | Spider:3 | Identified the +9 falchion of Reinforcement {speed, rElec rF+ rN+ MR++} (You took it off an entropy weaver on level 3 of the Spider Nest)
 30188 | Spider:3 | Found a roughly hewn altar of Beogh.
 30834 | Spider:4 | Entered Level 4 of the Spider Nest
 31088 | Spider:4 | Noticed Donald
 31102 | Spider:4 | Killed Donald
 31245 | Spider:4 | Received a gift from Okawaru
 31245 | Spider:4 | Reached skill level 18 in Long Blades
 31530 | Spider:4 | Reached XP level 17. HP: 104/140 MP: 24/24
 31679 | Spider:4 | Received a gift from Okawaru
 31680 | Spider:4 | Identified the +0 shield of Fouxzeuq {rPois rCorr Dex-5} (Okawaru gifted it to you on level 4 of the Spider Nest)
 32200 | Spider:4 | Noticed Arachne
 32218 | Spider:4 | Killed Arachne
 32957 | Spider:4 | Received a gift from Okawaru
 33092 | Spider:4 | Got a gossamer rune of Zot
 33828 | Shoals:1 | Entered Level 1 of the Shoals
 34283 | Shoals:1 | Identified the ring of Aruwkeeh {SInv Stlth+} (You took it off a merfolk on level 1 of the Shoals)
 34781 | Shoals:2 | Killed from afar by a merfolk aquamancer

Vault maps used:
D:1:      scummos_arrival_forest
D:2:      overflow_temple_1_default
D:3:      first_bread, minmay_ogre_servants
D:4:      nicolae_ru_great_annihilating_truth, minmay_temple_entry_steel_oval
D:5:      lemuel_crystal_altar, uniq_crazy_yiuf_cottage
D:6:      overflow_temple_1_default, nicolae_overflow_crystal_walls,
          gup_sewer_entry_glass, minmay_misc_feat_nine_boxes
D:7:      marbit_many_paths, serial_shops, shop, shop, shop,
          nicolae_shop_crystal, shop
D:8:      kennysheep_mini_moat, lightli_temple_of_fire
D:9:      hangedman_ranch
D:10:     minmay_lair_entry_lava, kennysheep_generic_room_13, uniq_snorg
D:11:     lemuel_ice_statue, kennysheep_small_spiral, uniq_urug, uniq_sonja,
          uniq_fannar
D:12:     minmay_expanding_circles, orc_0_dummy, basic_altar, serial_shops, shop
D:13:     david_vaults_5, uniq_josephine, uniq_maurice
D:14:     zin_angel, nicolae_wand_duel
D:15:     grunt_enter_depths_magical_seal, lemuel_blue_sif_altar, serial_curves,
          eino_curves_02, eino_curves_02, serial_park_tiny_pond, abandoned_shop
Temple:   nicolae_temple_great_sept
Lair:1:   enter_volcano_1, kb_xom_exploding_sheep, serial_bayou_shore_b,
          serial_bayou_shore_b, infiniplex_staircase_pool_2
Lair:2:   minmay_shoals_entry_centaurs, dummy_spider_entry, beast_lair_carwin_6
Lair:3:   serial_forest, infiniplex_forest_zigzag_2, infiniplex_forest_zigzag_2,
          infiniplex_forest_lined_room_, infiniplex_forest_side_room,
          infiniplex_forest_lined_room_2, infiniplex_staircase_pool
Lair:6:   gammafunk_lair_ancient_temple, minmay_slime_entry_oklob_open
Shoals:1: argonaut_golden_fleece
Shoals:2: nicolae_shoals_stone_sculpture_thing, nicolae_shoals_water_shrine
Spider:2: spider_temple_joshua, guppyfry_spider_mini_1,
          nicolae_spider_cling_ruins
Spider:3: nicolae_spider_mines_2
Spider:4: johnstein_spider_rune_arachne_lair, hangedman_spider_mandibles,
          uniq_donald
Orc:1:    basic_altar, serial_shops, shop
Orc:2:    st_orc_mages, serial_shops, nicolae_shop_overgrown_old_shop
Sewer:    sewer_co_15_rooms
Volcano:  volcano_lake

Skill      XL: |  1  2  3  4  5  6  7  8  9 10 11 12 13 14 15 16 17 |
---------------+----------------------------------------------------+-----
Long Blades    | 3 4 5 6 7 9 10 11 12 14 15 16 18 | 18.8
Shields        | 4 5 6 7 8 9 11 12 13 | 13.6
Invocations    | 1 3 4 5 7 8 9 |  9.1
Evocations     | 1 3 4 5 6 7 8 9 10 11 | 11.5
Fighting       | 4 5 6 7 9 10 | 10.1
Armour         | 4 5 6 7 10 12 14 16 | 16.9
Throwing       | 1 3 5 6 8 9 10 11 | 11.0
Dodging        | 5 8 |  8.1

Action                   |  1- 3 |  4- 6 |  7- 9 | 10-12 | 13-15 | 16-18 || total
-------------------------+-------+-------+-------+-------+-------+-------++-------
Melee: Long sword        |    94 |   177 |   370 |   458 |       |       ||  1099
       Headbutt          |    12 |    30 |    87 |   188 |   340 |   293 ||   950
       Scimitar          |       |       |       |   238 |   769 |       ||  1007
       Demon blade       |       |       |       |       |   438 |   821 ||  1259
       Falchion          |       |       |       |       |       |    67 ||    67
Throw: Tomahawk          |       |       |       |    10 |   118 |    92 ||   220
       Javelin           |       |       |       |       |     6 |     2 ||     8
Invok: Heroism           |       |       |     1 |     4 |     3 |     5 ||    13
       Finesse           |       |       |       |     2 |     1 |     2 ||     5
Evoke: Wand              |       |       |     1 |    17 |    11 |     8 ||    37
       Lamp of fire      |       |       |       |     1 |     4 |       ||     5
       Fan of gales      |       |       |       |       |     1 |       ||     1
       Lightning rod     |       |       |       |       |     5 |     3 ||     8
       Box of beasts     |       |       |       |       |       |     1 ||     1
  Use: Scroll            |     2 |     1 |     4 |    15 |    19 |    15 ||    56
       Potion            |       |     1 |     8 |     1 |     8 |     3 ||    21
  Eat: Chunk             |     1 |     5 |    14 |    27 |    37 |    15 ||    99
       Royal jelly       |       |       |       |       |     1 |     4 ||     5
       Bread ration      |       |       |       |       |     1 |       ||     1
Armor: Scale mail        |    43 |    37 |    76 |   128 |       |       ||   284
       Plate armour      |       |       |       |    59 |   148 |       ||   207
       Gold dragon scale |       |       |       |       |   405 |   276 ||   681
Dodge: Dodged            |    33 |    43 |    48 |   138 |   275 |   195 ||   732
Block: Shield            |    58 |   115 |   186 |   501 |   311 |       ||  1171
       Reflection        |       |     2 |    12 |    23 |    48 |    14 ||    99
       Large shield      |       |       |       |       |  1095 |  1163 ||  2258
       Rpst.: Long sword |     3 |    13 |    16 |    16 |       |       ||    48
       Scimitar          |       |       |       |    19 |    31 |       ||    50
       Demon blade       |       |       |       |       |    17 |    32 ||    49
       Falchion          |       |       |       |       |       |     2 ||     2

Table legend:
 A = Spawn XP
 B = Non-spawn XP
 C = Spawn XP percentage of total XP
 D = Spawn monster count
 E = Non-spawn monster count
 F = Spawn count percentage of total count
 G = Total turns spent on level
                    A         B        C        D         E        F      G
               +---------+---------+-------+---------+---------+-------+---------
         Total |       0 |  265718 |   0.0 |       0 |    1035 |   0.0 | 34781
               +---------+---------+-------+---------+---------+-------+---------
           D:1 |       0 |      47 |   0.0 |       0 |      27 |   0.0 |   717
           D:2 |       0 |     434 |   0.0 |       0 |      29 |   0.0 |  1318
           D:3 |       0 |     345 |   0.0 |       0 |      47 |   0.0 |  1130
           D:4 |       0 |     314 |   0.0 |       0 |      10 |   0.0 |   712
           D:5 |       0 |     535 |   0.0 |       0 |      21 |   0.0 |  1029
           D:6 |       0 |    1358 |   0.0 |       0 |      36 |   0.0 |   996
           D:7 |       0 |     960 |   0.0 |       0 |      16 |   0.0 |   469
           D:8 |       0 |    2499 |   0.0 |       0 |      20 |   0.0 |   981
           D:9 |       0 |    5114 |   0.0 |       0 |      38 |   0.0 |  1014
          D:10 |       0 |    3675 |   0.0 |       0 |      34 |   0.0 |  1326
          D:11 |       0 |    5967 |   0.0 |       0 |      28 |   0.0 |  1133
          D:12 |       0 |    4955 |   0.0 |       0 |      30 |   0.0 |   834
          D:13 |       0 |    8781 |   0.0 |       0 |      38 |   0.0 |  1181
          D:14 |       0 |   26020 |   0.0 |       0 |      73 |   0.0 |  1478
          D:15 |       0 |    9392 |   0.0 |       0 |      20 |   0.0 |  1173
        Lair:1 |       0 |    2271 |   0.0 |       0 |      11 |   0.0 |   944
        Lair:2 |       0 |   14173 |   0.0 |       0 |      44 |   0.0 |  2338
        Lair:3 |       0 |    1820 |   0.0 |       0 |       7 |   0.0 |   658
        Lair:4 |       0 |    7509 |   0.0 |       0 |      36 |   0.0 |  1510
        Lair:5 |       0 |   12184 |   0.0 |       0 |      40 |   0.0 |  1631
        Lair:6 |       0 |   17133 |   0.0 |       0 |      47 |   0.0 |  1816
      Shoals:1 |       0 |    6013 |   0.0 |       0 |      17 |   0.0 |   705
      Shoals:2 |       0 |    4239 |   0.0 |       0 |       8 |   0.0 |   248
      Spider:1 |       0 |    7452 |   0.0 |       0 |      22 |   0.0 |  1038
      Spider:2 |       0 |   32974 |   0.0 |       0 |      73 |   0.0 |  1638
      Spider:3 |       0 |   20329 |   0.0 |       0 |      44 |   0.0 |  1365
      Spider:4 |       0 |   56721 |   0.0 |       0 |     109 |   0.0 |  2875
         Orc:1 |       0 |     601 |   0.0 |       0 |      13 |   0.0 |   459
         Orc:2 |       0 |    7120 |   0.0 |       0 |      64 |   0.0 |  1327
         Sewer |       0 |     469 |   0.0 |       0 |      19 |   0.0 |   279
       Volcano |       0 |    4314 |   0.0 |       0 |      14 |   0.0 |   437
               +---------+---------+-------+---------+---------+-------+---------
